 Dungeon Crawl Stone Soup version 0.29.0-4-gdea44cf6ec (webtiles) character file.

Game seed: 15399941708096190009

16 qw the Firebug (level 2, -2/23 HPs)
             Began as a Ghoul Fire Elementalist on Aug 29, 2022.
             Slain by a gnoll
             ... wielding a +0 whip
              (4 damage)
             ... on level 2 of the Dungeon.
             The game lasted 00:00:44 (1215 turns).

qw the Firebug (Ghoul Fire Elementalist)            Turns: 1215, Time: 00:00:45

Health: -2/23      AC:  3    Str: 11    XL:     2   Next: 54%
Magic:  3/3        EV: 11    Int: 10    God:
Gold:   28         SH:  0    Dex:  9    Spells: 3/4 levels left

rFire   . . .      SeeInvis .     - Unarmed
rCold   + . .      Faith    .   (no shield)
rNeg    + + +      Spirit   .   e - +0 leather armour
rPois   inf        Reflect  .   (no helmet)
rElec   .          Harm     .   (no cloak)
rCorr   .          Rampage  .   (no gloves)
Will    .....                   (no boots)
Stlth   +.........              (no amulet)
HPRegen 0.00/turn               (no ring)
MPRegen 0.08/turn               (no ring)

@: inhibited regen
A: claws 1, cold resistance 1, negative energy resistance 3, inhibited
regeneration, torment resistance 2, devour on kill
a: no special abilities


You were on level 2 of the Dungeon.
You visited 1 branch of the dungeon, and saw 2 of its levels.

You collected 28 gold pieces.


Innate Abilities, Weirdness & Mutations

You are immune to poison.
You have sharp fingernails.
Your flesh is cold resistant. (rC+)
You are immune to negative energy. (rN+++)
You do not regenerate when monsters are visible.
You are immune to unholy pain and torment.
You thrive by killing the living.


   Skills:
 - Level 1.2 Fighting
 - Level 1.7 Dodging
 - Level 2.1 Stealth
 + Level 1.8 Unarmed Combat
 - Level 1.7 Spellcasting
 - Level 0.7 Conjurations
 - Level 2.4 Fire Magic


You had 3 spell levels left.
You knew the following spells:

 Your Spells              Type           Power      Damage    Failure   Level
a - Foxfire               Conj/Fire      16%        2x1d4     22%         1

Your spell library contained the following spells:

 Spells                   Type           Power      Damage    Failure   Level
 Scorch                   Fire           10%        2d6       24%         2
 Conjure Flame            Conj/Fire      4%         6-21      54%         3
 Inner Flame              Hex/Fire       3%         N/A       61%         3
 Flame Wave               Conj/Fire      4%         2d5       91%         4

Inventory:

Armour
 e - a +0 leather armour (worn)
Potions
 d - a potion of resistance {unknown}
 f - 2 potions of mutation {unknown}

Dungeon Overview and Level Annotations

Branches:
Dungeon (2/15)

Altars:


Message History

f - 2 glowing blue potions (gained 1)
Found an escape hatch in the ceiling.
Enter note:
Found 6 stones.
A kobold and a gnoll come into view.
The gnoll shouts!
You hear a shout!
The gnoll throws a throwing net.
The throwing net hits you.
You become entangled in the net!
A gnoll comes into view. It is wielding a +0 flail.
You struggle against the net.
The gnoll hits you with a +0 whip.
You struggle against the net.
The gnoll completely misses you.
You struggle against the net.
A gnoll comes into view. It is wielding a +0 spear.
A gnoll comes into view. It is wielding a +1 vorpal flail.
The gnoll hits you with a +0 whip.
1207 ||| Stepping ~*~*~tactically~*~*~ (outnumbered).
You shred the net and break free! The gnoll hits you with a +0 flail.
The gnoll barely misses you.
1208 ||| Stepping ~*~*~tactically~*~*~ (outnumbered).
The gnoll attacks as you move away! The gnoll hits you with a +0 whip!
1209 ||| Stepping ~*~*~tactically~*~*~ (outnumbered).
The gnoll attacks as you move away! The gnoll misses you.
1210 ||| Stepping ~*~*~tactically~*~*~ (stealth).
The gnoll attacks as you move away! The gnoll barely misses you.
You scratch the gnoll but do no damage. You scratch the gnoll.
The gnoll is moderately wounded.
The gnoll barely misses you. The gnoll completely misses you.
You barely miss the gnoll.
The gnoll is moderately wounded.
The gnoll closely misses you. x2
You barely miss the gnoll.
The gnoll is moderately wounded.
The gnoll misses you. The gnoll hits you but does no damage.
You scratch the gnoll but do no damage.
The gnoll is moderately wounded.
The gnoll misses you. The gnoll hits you with a +0 whip.
You die...

........# #.......... ..
........#####...##.....
#
...................>..##
.........#..............
.........#.#######.#.###
.(.......#.# ....
...<.....#.# #.#
.........#g# ..
.........g@#
.........### #$......#
#.......# #.........
#..........#
#........#.#
#...g....#.# #...#...##
#


You could see 2 gnolls.

Vanquished Creatures
  A ball python (D:1)
  4 endoplasms
  4 goblins (D:1)
  2 kobolds (D:1)
  A quokka (D:1)
  A frilled lizard (D:1)
13 creatures vanquished.

Notes
Turn   | Place    | Note
-------+----------+-------------------------------------------
     0 | D:1      | qw the Ghoul Fire Elementalist began the quest for the Orb.
     0 | D:1      | Reached XP level 1. HP: 14/14 MP: 2/2
     0 | D:1      | 0 ||| qw: Version: 0.1-a-90-g952f4b7
     0 | D:1      | 0 ||| qw: Game counter: 3700
     0 | D:1      | 0 ||| qw: Always use a shield: true
     0 | D:1      | 0 ||| qw: God list: Okawaru
     0 | D:1      | 0 ||| qw: Allow faded altars: false
     0 | D:1      | 0 ||| qw: Do Orc after D:15 true
     0 | D:1      | 0 ||| qw: Do second Lair branch before Depths: true
     0 | D:1      | 0 ||| qw: Lair rune preference: random
     0 | D:1      | 0 ||| qw: Plans: Normal
     0 | D:1      | 0 ||| PLANNING D:1-11
   464 | D:1      | Reached skill level 1 in Unarmed Combat
   511 | D:1      | 511 ||| Stepping ~*~*~tactically~*~*~ (stealth).
   512 | D:1      | 512 ||| Stepping ~*~*~tactically~*~*~ (stealth).
   515 | D:1      | 515 ||| Stepping ~*~*~tactically~*~*~ (stealth).
   691 | D:1      | Reached skill level 1 in Fighting
   691 | D:1      | Reached XP level 2. HP: 21/23 MP: 3/3
   837 | D:1      | 837 ||| Stepping ~*~*~tactically~*~*~ (stealth).
   903 | D:1      | Found a faded altar of an unknown god.
  1118 | D:1      | 1118 ||| UPGRADING to +0 leather armour.
  1128 | D:1      | 1128 ||| DROPPING +0 robe.
  1129 | D:1      | 1129 ||| READING scroll labelled RENLIF PAHE.
  1130 | D:1      | 1130 ||| READING scroll labelled KUAFOMP VEJI.
  1135 | D:1      | 1135 ||| READING scroll labelled XEHIPPA LOUNT.
  1136 | D:1      | 1136 ||| DROPPING potion of magic.
  1207 | D:2      | 1207 ||| Stepping ~*~*~tactically~*~*~ (outnumbered).
  1208 | D:2      | 1208 ||| Stepping ~*~*~tactically~*~*~ (outnumbered).
  1208 | D:2      | HP: 2/23 [gnoll/+0 whip (7)]
  1209 | D:2      | 1209 ||| Stepping ~*~*~tactically~*~*~ (outnumbered).
  1210 | D:2      | 1210 ||| Stepping ~*~*~tactically~*~*~ (stealth).
  1215 | D:2      | Slain by a gnoll

Levels and vault maps discovered:
D:1:      dpeg_arrival_boxorama, layout_rooms, shapermc_ecumenical_altar_venn
D:2:      layout_basic, uniq_terence

Skill      XL: |  1 |
---------------+----+-----
Unarmed Combat | 1 |  1.8
Fighting       | 1 |  1.2
Dodging        | |  1.7
Stealth        | |  2.1
Spellcasting   | |  1.7
Conjurations   | |  0.7
Fire Magic     | |  2.4

Action                   || total
-------------------------++-------
Melee: Unarmed           ||    46
       Punch             ||     1
  Use: Scroll            ||     3
Armor: Robe              ||     1
       Leather armour    ||     1
Dodge: Dodged            ||    26

Table legend:
 A = Non-vault XP
 B = Vault XP
 C = Vault XP percentage of total XP
 D = Non-vault monster count
 E = Vault monster count
 F = Vault count percentage of total count
                 A         B        C        D         E       F
            +---------+---------+-------+---------+---------+-------
      Total |      23 |       0 |   0.0 |      13 |       0 |   0.0
            +---------+---------+-------+---------+---------+-------
        D:1 |      21 |       0 |   0.0 |      12 |       0 |   0.0
        D:2 |       2 |       0 |   0.0 |       1 |       0 |   0.0
            +---------+---------+-------+---------+---------+-------
